 Dungeon Crawl Stone Soup version 0.24.0-13-gcf9b319 (webtiles) character file.

Game seed: 18053935787544880565, levelgen mode: deterministic

194 Bronimir the Stinger (level 5, -2/43 HPs)
             Began as a Naga Venom Mage on Apr 1, 2020.
             Was an Initiate of Dithmenos.
             Slain by an ice beast (6 damage)
             ... on level 2 of the Dungeon.
             The game lasted 00:05:41 (1737 turns).

Bronimir the Stinger (Naga Venom Mage)              Turns: 1737, Time: 00:05:42

Health: -2/43      AC:  2    Str: 10 (11) XL:     5   Next: 73%
Magic:  9/9        EV: 10    Int: 12 (15) God:    Dithmenos [......]
Gold:   47         SH:  0    Dex: 10 (12) Spells: 3/9 levels left

rFire    . . .     SeeInvis +   a - +0 scythe
rCold    . . .     Gourm    .   (shield currently unavailable)
rNeg     . . .     Faith    .   b - +0 robe
rPois    +         Spirit   .   (no helmet)
rElec    .         Reflect  .   (no cloak)
rCorr    .         Harm     .   (no gloves)
MR       .....                  (no barding)
Stlth    ++........             (no amulet)
HPRegen  0.14/turn              (no ring)
MPRegen  0.11/turn              (no ring)

@: very slow
A: large, see invisible, deformed body, poison resistance, slowness 2, slow
metabolism 1, spit poison 1, AC +1
a: Spit Poison, Renounce Religion


You were on level 2 of the Dungeon.
You worshipped Dithmenos.
Dithmenos was noncommittal.
You were hungry.

You visited 1 branch of the dungeon, and saw 2 of its levels.

You collected 47 gold pieces.

Inventory:

Hand Weapons
 a - a +0 scythe (weapon)
 e - a +0 whip
 n - a +0 spear
Missiles
 h - 61 stones (quivered)
 i - 4 boomerangs
Armour
 b - a +0 robe (worn)
Jewellery
 l - an uncursed ring of flight
 m - an uncursed ring of resist corrosion
 r - a +5 ring of dexterity {unknown}
Scrolls
 d - a scroll of enchant armour {unknown}
 g - 3 scrolls of identify
 p - a scroll of remove curse {unknown}
Potions
 j - a potion of degeneration
 q - a potion of lignification
Comestibles
 c - 3 rations
 o - 3 chunks of flesh


   Skills:
 + Level 0.3 Fighting
 + Level 1.4 Polearms
 + Level 2.3 Dodging
 + Level 4.0 Stealth
 + Level 2.7 Spellcasting
 + Level 1.7 Conjurations
 - Level 0.2 Air Magic
 * Level 5.7 Poison Magic


You had 3 spell levels left.
You knew the following spells:

 Your Spells              Type           Power        Failure   Level  Hunger
a - Sting                 Conj/Pois      ##..         5%          1    #......
b - Poisonous Vapours     Pois/Air       #.....       11%         2    ###....
c - Mephitic Cloud        Conj/Pois/Air  #.......     26%         3    ###....

Your spell library contained the following spells:

 Spells                   Type           Power        Failure   Level  Hunger
 Olgreb's Toxic Radiance  Pois           ###.....     24%         4    #####..
 Venom Bolt               Conj/Pois      ##........   83%         5    ######.


Dungeon Overview and Level Annotations

Branches:
Dungeon (2/15)

Altars:
Dithmenos
Nemelex Xobeh
The Shining One


Innate Abilities, Weirdness & Mutations

You cannot wear boots.
Your serpentine skin is tough. (AC +1)
You have supernaturally acute eyesight. (SInv)
Armour fits poorly on your strangely shaped body.
Your system is resistant to poisons. (rPois)
You cover ground very slowly.
You have a slow metabolism.
You can spit poison.


Message History

The ice beast hits you but does no damage.
You barely miss the ice beast.
The ice beast is heavily wounded.
The ice beast hits you but does no damage.
You barely miss the ice beast.
The ice beast is heavily wounded.
You feel less wooden.
Your +0 robe unmelds from your body.
The ice beast closely misses you.
You closely miss the ice beast.
The ice beast is heavily wounded.
The ice beast hits you. The ice beast freezes you!
* * * LOW HITPOINT WARNING * * *
The ice beast barely misses you.
You barely miss the ice beast.
The ice beast is heavily wounded.
You feel yourself slow down. The ice beast hits you.
* * * LOW HITPOINT WARNING * * *
The ice beast freezes you.
You die...

*,*,,.........#.#######.#####.#
*,*,*..........................
*,*,*.......<...########.####.#
*,*,*...........## ### #...
*,*,*#...........# ##.#
*,*,*#...........# ***** #..
*,*,*#...........# *,,,* #..
*,*,*#........Y.[# *,,,* ##.#
**,*,*########(@..# *,,,* #..#
*,,,,* #....# **+** ##.#
*,,,,**** #....# *,** #.#
*,,,,,,,* #....# **,* #.#
*,,,,**,* #....# *,** *#†#
*,,,,**,### #....# **,* *..#
*,,,,*#.#<# #....# **,** *..#
**+####.#.# #....# **,,,* #..#
*,,....#.# *,,,,* *,,,,* #..#


You could see an ice beast.

Vanquished Creatures
  Sigmund (D:2)
  A worm (D:2)
  3 bats
  2 giant cockroaches
  6 goblins
  8 hobgoblins
  3 kobolds
  4 frilled lizards
  4 rats
32 creatures vanquished.

Notes
Turn   | Place    | Note
-------+----------+-------------------------------------------
     0 | D:1      | Bronimir the Naga Venom Mage began the quest for the Orb.
     0 | D:1      | Reached XP level 1. HP: 15/15 MP: 3/3
   284 | D:1      | Reached XP level 2. HP: 22/22 MP: 5/5
   396 | D:1      | Found a glowing golden altar of the Shining One.
   615 | D:1      | Learned a level 2 spell: Poisonous Vapours
   908 | D:2      | HP: 1/22 [worm (9)]
   965 | D:2      | Reached XP level 3. HP: 6/28 MP: 3/6
   978 | D:2      | Noticed an ice beast
  1001 | D:1      | Learned a level 3 spell: Mephitic Cloud
  1235 | D:2      | Found a shadowy altar of Dithmenos.
  1348 | D:2      | Became a worshipper of Dithmenos the Shadowed
  1374 | D:2      | Noticed Sigmund
  1399 | D:2      | Killed Sigmund
  1399 | D:2      | Reached skill level 1 in Polearms
  1399 | D:2      | Reached skill level 5 in Poison Magic
  1399 | D:2      | Reached XP level 4. HP: 19/36 MP: 0/8
  1399 | D:2      | Reached XP level 5. HP: 22/42 MP: 0/9
  1570 | D:2      | Found a sparkling altar of Nemelex Xobeh.
  1737 | D:2      | Slain by an ice beast

Levels and vault maps discovered:
D:1:      tarquinn_simple_flora_water_a, layout_basic, dk_noncrumbling_4,
          hangedman_abyss_or_decor_stabs, tso_altar
D:2:      layout_basic, nemelex_xobeh_ov_fountains_minmay,
          grunt_dithmenos_smoke_and_mirrors, uniq_crazy_yiuf_cottage,
          uniq_sigmund

Skill      XL: |  1  2  3 |
---------------+----------+-----
Polearms       | 1 |  1.4
Dodging        | 2 |  2.3
Stealth        | 4 |  4.0
Poison Magic   | 5 |  5.7
Fighting       | |  0.3
Spellcasting   | |  2.7
Conjurations   | |  1.7
Air Magic      | |  0.2

Action                   |  1- 3 |  4- 6 || total
-------------------------+-------+-------++-------
Melee: Spear             |    24 |       ||    24
       Scythe            |       |    60 ||    60
 Cast: Sting             |    25 |     1 ||    26
       Poisonous Vapours |     1 |       ||     1
 Abil: Spit Poison       |    18 |     2 ||    20
  Use: Scroll            |     3 |       ||     3
       Potion            |       |     4 ||     4
 Stab: Sleeping          |     1 |       ||     1
  Eat: Chunk             |     2 |     1 ||     3
Armor: Robe              |     8 |    12 ||    20
       Skin              |       |    28 ||    28
Dodge: Dodged            |    25 |    39 ||    64
